 Dungeon Crawl Stone Soup version 0.26-a0-778-g3fe0686644 (webtiles) character file.

Game seed: 15714370246299761579

5817 SolusNox the Cleaver (level 10, -8/91 HPs)
             Began as a Minotaur Berserker on Nov 11, 2020.
             Was a High Priest of Trog.
             Mangled by an orc knight
             ... wielding a +0 halberd
              (27 damage)
             ... in a bailey.
             The game lasted 00:21:13 (8893 turns).

SolusNox the Cleaver (Minotaur Berserker)           Turns: 8893, Time: 00:21:14

Health: -8/91      AC: 15    Str: 25    XL:     10   Next: 51%
Magic:  9/9        EV:  9    Int:  4    God:    Trog [*****.]
Gold:   285        SH: 13    Dex: 16    Spells: 9/9 levels left

rFire    . . .     SeeInvis .   a - +2 hand axe (freeze)
rCold    . . .     Faith    .   k - +0 kite shield
rNeg     . . .     Spirit   .   F - +0 plate armour (curse)
rPois    .         Reflect  +   (helmet restricted)
rElec    .         Harm     .   (no cloak)
rCorr    .         Rampage  .   h - +0 pair of gloves
MR       ++...                  (no boots)
Stlth    ..........             e - amulet of reflection
HPRegen  1.25/turn              (no ring)
MPRegen  0.11/turn              v - +6 ring of dexterity

@: regenerating
A: retaliatory headbutt, horns 2
a: Berserk, Trog's Hand, Brothers in Arms, Renounce Religion


You were in a bailey.
You worshipped Trog.
Trog was extremely pleased with you.
You visited 1 branch of the dungeon, and saw 9 of its levels.
You also visited: Ossuary and Bailey.

You collected 442 gold pieces.
You spent 157 gold pieces at shops.

Inventory:

Hand Weapons
 a - a +2 hand axe of freezing (weapon)
   (You took it off a wight on level 7 of the Dungeon)
 c - a +3 morningstar
   (You took it off a wight on level 8 of the Dungeon)
 y - a +2 flail of protection
   (You took it off an orc on level 3 of the Dungeon)
 G - a +0 battleaxe
   (You took it off a wight on level 8 of the Dungeon)
Missiles
 u - 10 boomerangs (quivered)
 w - a throwing net {=f, !d}
Armour
 h - a +0 pair of gloves (worn)
   (You found it on level 7 of the Dungeon)
 k - a +0 kite shield (worn)
   (You bought it in a shop on level 7 of the Dungeon)
 C - a +0 cloak
   (You took it off Crazy Yiuf on level 7 of the Dungeon)
 F - a cursed +0 plate armour (worn)
   (You took it off an orc warrior on level 7 of the Dungeon)
Jewellery
 e - an amulet of reflection (around neck)
   (You found it on level 1 of the Dungeon)
 v - a +6 ring of dexterity (right hand)
   (You found it on level 3 of the Dungeon)
Wands
 x - a wand of paralysis (5)
   (You found it on level 3 of the Dungeon)
 z - a wand of iceblast (10)
   (You found it on level 4 of the Dungeon)
 B - a wand of polymorph (3)
   (You found it on level 6 of the Dungeon)
Scrolls
 g - 3 scrolls of enchant weapon
 i - a scroll of fear
 j - 3 scrolls of random uselessness {unknown}
 m - 2 scrolls of immolation {unknown}
 o - 4 scrolls of remove curse
 q - a scroll of fog {unknown}
 s - 2 scrolls of teleportation
 E - a scroll of summoning {unknown}
 J - 3 scrolls of identify
Potions
 b - 2 potions of magic
 d - 5 potions of curing
 f - 5 potions of mutation {!q}
 l - 5 potions of might
 n - 3 potions of cancellation {unknown}
 p - 2 potions of ambrosia
 r - a potion of brilliance {unknown}
 t - a potion of attraction {!q}
 A - 3 potions of lignification {!q}
 D - a potion of resistance
 H - a potion of flight {unknown}
 I - a potion of haste {unknown}
 K - a potion of invisibility {unknown}
 L - a potion of heal wounds {unknown}


   Skills:
 + Level 9.4 Fighting
 * Level 12.0 Axes
 + Level 9.0 Armour
 + Level 8.2 Dodging


You had 9 spell levels left.
You didn't know any spells.
Your spell library was empty.

Dungeon Overview and Level Annotations

Branches:
Dungeon (10/15)            Temple (0/1) D:5            Lair (0/6) D:10
Ossuary (visited)          Bailey (1/1)
    Orc: D:9-12

Altars:
Elyvilon
Gozag
Hepliaklqana
Kikubaaqudgha
Makhleb
Ru
Sif Muna
Trog
Uskayaw
Vehumet
Xom
Yredelemnul
The Shining One

Shops:
D:7 *

Annotations:
D:8 1 runed translucent door, lunkers's ghost, novice OpEE


Innate Abilities, Weirdness & Mutations

You reflexively headbutt those who attack you in melee.
You have a pair of horns on your head.


Message History

The orcs go into a battle-frenzy!
You hear a shout!
Okay, then.
Your ogre goes berserk!
The orc warrior shouts!
You block the orc's attack.
Throwing (i - inventory)
u - 10 boomerangs (quivered)
Aim: an orc warrior, wielding a +0 arbalest, wearing a cursed +0 ring mail and quivering 23 bolts (strong)
You throw a boomerang.
The boomerang closely misses the orc warrior.
The orc hits you but does no damage.
The orc warrior shoots a bolt.
The bolt barely misses you.
Your ogre closely misses the orc.
You hear a shout! x2 2 orcs and an orc warrior come into view.
The orc shouts! x2
The orc hits your ogre with a +0 spear!
The orc knight roars a battlecry!
The orcs go into a battle-frenzy!
Your ogre barely misses the orc.
The orc warrior unwields a +0 arbalest.
The orc warrior hits you but does no damage.
Found two gates leading back out of this place.
You hit the orc warrior. You freeze the orc warrior.
Your headbutt misses the orc warrior. The orc hits your ogre with a +0 spear.
You hit the orc warrior. You freeze the orc warrior.
Your headbutt misses the orc warrior.
Your ogre hits the orc with a +0 giant club!!
The orc dies!
Trog accepts your kill. The orc warrior hits you! The orc barely misses you.
You take 8 damage, and have 48/91 hp.
You are too injured to fight recklessly!
You are too injured to fight recklessly!
You are too injured to fight recklessly!
You are too injured to fight recklessly!
You are too injured to fight recklessly!
You are too injured to fight recklessly!
You hit the orc warrior but do no damage.
Your ogre barely misses the orc knight.
You block the orc warrior's attack.
You closely miss the orc warrior.
Your ogre closely misses the orc knight.
The orc knight barely misses your ogre.
The orc knight roars a battlecry!
The orc knight goes into a battle-frenzy!
You block the orc's attack.
You closely miss the orc warrior. Your headbutt misses the orc warrior.
Your ogre hits the orc knight with a +0 giant club!!
You block the orc warrior's attack.
The orc knight hits your ogre with a +0 halberd!!
Your ogre dies!
Your ogre's corpse disappears in a puff of smoke!
You block the orc's attack.
You hit the orc warrior but do no damage.
You headbutt the orc warrior! You block the orc warrior's attack.
Your ogre goes berserk!
You block the orc's attack. You block the orc warrior's attack.
What are your orders? t - Shout!
Orders for allies: a - Attack new target. p - Attack previous target. r - Retreat! s - Stop attacking. g - Guard the area. f - Follow me.
Anything else - Cancel.
Aim: an orc knight, wielding a +0 halberd and wearing a cursed +0 chain mail (heavily wounded, strong) Attack!
You block the orc knight's attack.
Your ogre barely misses the orc warrior.
The orc warrior hits you. You block the orc's attack.
You take 6 damage, and have 43/91 hp.
You hit the orc warrior. You freeze the orc warrior.
You headbutt the orc warrior, but do no damage.
The orc knight barely misses you.
Your ogre misses the orc warrior.
The orc warrior hits you but does no damage.
You block the orc's attack.
You hit the orc warrior but do no damage.
Your headbutt misses the orc warrior.
Your ogre closely misses the orc warrior.
The orc warrior hits you but does no damage.
The orc knight hits you from afar with a +0 halberd!!
* * * LOW HITPOINT WARNING * * *
You take 26 damage, and have 17/91 hp.
MASSIVE DAMAGE!!
Your shield and plate armour prevent you from hitting the orc warrior.
You headbutt the orc warrior.
The orc warrior no longer looks unusually strong. x2
You block the orc's attack.
You slash the orc warrior! You freeze the orc warrior.
You kill the orc warrior!
Trog accepts your kill.
Your Armour skill increases to level 9!
Your ogre barely misses the orc.
The orc knight roars a battlecry!
The orcs go into a battle-frenzy!
Your ogre closely misses the orc.
You block the orc knight's attack.
Your ogre hits the orc with a cursed -2 giant club!!
The orc dies!
Trog accepts your kill.
Your skin crawls.
You feel resistant to hostile enchantments.
The orc knight curses loudly.
The orc knight hits you from afar with a +0 halberd!!
You die...

## #### ##∩##
#####
....##...##.....
≈≈≈..#...#..≈≈≈.
≈o≈≈.......≈≈o≈≈
oo≈.....).≈oo.≈
o≈≈.)...O.≈≈o≈≈
#o..# #.(@#
##∩## ###


You could see an orc knight (strong), 2 orc warriors, an orc (strong) and a
friendly ogre (summoned, berserk).

Vanquished Creatures
  A cyclops (D:10)
  Psyche (D:8)
  A troll (D:10)
  Grinder (D:4)
  A hog (shapeshifter) (D:10)
  4 yaks (D:10)
  Grum (D:8)
  Edmund (D:6)
  Duvessa (D:6)
  5 orc warriors
  A phantom (D:5)
  3 ogres
  2 wolves (D:8)
  2 centaurs
  2 big kobolds (D:10)
  Dowan (D:6)
  3 bullfrogs
  A water moccasin zombie (Ossuary)
  3 killer bees (D:7)
  A scorpion (D:6)
  10 wights
  A centaur zombie (D:6)
  A centaur skeleton (D:8)
  2 hounds
  5 orc priests
  Crazy Yiuf (D:7)
  A bullfrog skeleton (D:5)
  6 orc wizards
  2 iguanas (D:7)
  A worker ant (D:5)
  A killer bee zombie (D:7)
  3 big kobold zombies (Ossuary)
  A hound zombie (D:5)
  2 mummies (Ossuary)
  A worker ant zombie (D:6)
  3 gnolls (D:3)
  A howler monkey skeleton (D:7)
  7 adders
  2 shadow imps
  5 white imps
  3 ufetubi
  An ooze (D:1)
  3 worms
  An adder skeleton (D:4)
  8 adder zombies
  A dart slug (D:1)
  4 leopard geckos
  22 orcs
  2 ball pythons
  12 bats
  A giant cockroach (D:1)
  4 gnoll zombies
  12 goblins
  8 hobgoblins
  6 jackals
  A quokka (D:7)
  8 frilled lizards
  7 hobgoblin zombies (Ossuary)
  16 kobolds
  8 kobold zombies (Ossuary)
  A leopard gecko zombie (D:6)
  6 orc zombies (Ossuary)
  2 quokka skeletons
  8 rats
237 creatures vanquished.

Vanquished Creatures (collateral kills)
  2 oklob plants (D:10)
  A hound (D:10)
  2 orcs (Bailey)
  A plant (D:10)
6 creatures vanquished.

Vanquished Creatures (others)
  7 plants (D:10)
7 creatures vanquished.

Grand Total: 250 creatures vanquished

Notes
Turn   | Place    | Note
-------+----------+-------------------------------------------
     0 | D:1      | SolusNox the Minotaur Berserker began the quest for the
                  | Orb.
     0 | D:1      | Reached XP level 1. HP: 19/19 MP: 0/0
   182 | D:1      | Reached XP level 2. HP: 15/27 MP: 1/1
   891 | D:1      | Reached skill level 4 in Fighting
   969 | D:1      | Reached skill level 4 in Axes
   983 | D:1      | Reached skill level 3 in Armour
  1126 | D:1      | Reached XP level 3. HP: 33/33 MP: 2/2
  1658 | D:2      | Reached skill level 3 in Dodging
  1658 | D:2      | Reached XP level 4. HP: 39/41 MP: 3/3
  1715 | D:2      | Found a shimmering altar of Xom.
  1738 | D:2      | Reached ** piety under Trog
  2461 | D:3      | Found a burning altar of Makhleb.
  2830 | D:3      | Reached XP level 5. HP: 42/47 MP: 4/4
  3330 | D:4      | Found an opulent altar of Gozag.
  3657 | D:4      | Found a sacrificial altar of Ru.
  3657 | D:4      | Found a bloodstained altar of Trog.
  3758 | D:4      | Noticed Grinder
  3773 | D:4      | Paralysed by Grinder for 6 turns
  3782 | D:4      | Paralysed by Grinder for 6 turns
  3794 | D:4      | HP: 10/47 [Grinder/nerve-wracking pain (9)]
  3795 | D:4      | Killed Grinder
  3795 | D:4      | Reached skill level 5 in Fighting
  3795 | D:4      | Reached skill level 5 in Axes
  3795 | D:4      | Reached skill level 4 in Armour
  3795 | D:4      | Reached skill level 4 in Dodging
  3795 | D:4      | Reached XP level 6. HP: 12/56 MP: 5/5
  4358 | D:5      | Entered Level 5 of the Dungeon
  4419 | D:5      | Found a white marble altar of Elyvilon.
  4485 | D:5      | Reached skill level 6 in Axes
  4592 | D:5      | Reached XP level 7. HP: 60/61 MP: 6/6
  4594 | D:5      | Reached *** piety under Trog
  4597 | D:5      | Reached skill level 5 in Armour
  4757 | D:5      | Found a staircase to the Ecumenical Temple.
  4767 | D:5      | Found a radiant altar of Vehumet.
  4826 | D:5      | Found an ancient bone altar of Kikubaaqudgha.
  4827 | D:5      | Found a shimmering blue altar of Sif Muna.
  5181 | D:6      | Noticed Duvessa
  5182 | D:6      | Noticed Dowan
  5189 | D:6      | Killed Duvessa
  5198 | D:6      | Killed Dowan
  5198 | D:6      | Reached skill level 6 in Fighting
  5198 | D:6      | Reached skill level 7 in Axes
  5223 | D:6      | Noticed Edmund
  5234 | D:6      | Killed Edmund
  5295 | D:6      | Reached skill level 5 in Dodging
  5311 | D:6      | Reached XP level 8. HP: 70/70 MP: 7/7
  5556 | D:6      | Reached skill level 8 in Axes
  5774 | D:6      | Found a basalt altar of Yredelemnul.
  6068 | D:7      | Reached skill level 6 in Armour
  6529 | D:7      | Reached skill level 7 in Fighting
  6584 | D:7      | Reached skill level 9 in Axes
  6588 | D:7      | Reached skill level 6 in Dodging
  6950 | D:7      | Found Mouletee's Assorted Antiques.
  6953 | D:7      | Bought a kite shield for 99 gold pieces
  6959 | D:7      | Bought 2 viscous silvery potions for 39 gold pieces
  6959 | D:7      | Bought a viscous silvery potion for 19 gold pieces
  6986 | D:7      | Found a glowing golden altar of the Shining One.
  6991 | D:7      | Found a hide-covered altar of Uskayaw.
  6994 | D:7      | Found a hazy altar of Hepliaklqana.
  7296 | D:7      | Reached XP level 9. HP: 65/79 MP: 8/8
  7373 | D:7      | Reached **** piety under Trog
  7373 | D:7      | Reached skill level 7 in Armour
  7450 | D:7      | Found a runed translucent door.
  7451 | D:7      | Noticed Crazy Yiuf
  7664 | D:7      | Killed Crazy Yiuf
  7776 | D:8      | Found a sand-covered staircase.
  7781 | Ossuary  | Entered an ossuary
  7899 | Ossuary  | Reached ***** piety under Trog
  7899 | Ossuary  | Reached skill level 10 in Axes
  8066 | D:8      | Noticed lunkers's ghost (novice OpEE)
  8091 | D:8      | Noticed Psyche
  8095 | D:8      | Noticed Grum
  8097 | D:8      | Killed Psyche
  8097 | D:8      | Reached skill level 8 in Fighting
  8100 | D:8      | Reached skill level 7 in Dodging
  8108 | D:8      | Killed Grum
  8274 | D:8      | Found a runed translucent door.
  8354 | D:8      | You fall into a shaft and drop 2 floors!
  8354 | D:10     | Entered Level 10 of the Dungeon
  8396 | D:10     | Noticed a cyclops
  8398 | D:10     | Reached skill level 8 in Armour
  8409 | D:10     | Killed a cyclops
  8409 | D:10     | Reached skill level 11 in Axes
  8409 | D:10     | Reached XP level 10. HP: 67/90 MP: 9/9
  8676 | D:10     | Noticed an oklob plant
  8676 | D:10     | Noticed an oklob plant
  8690 | D:10     | Killed an oklob plant
  8690 | D:10     | Reached skill level 9 in Fighting
  8693 | D:10     | Found a staircase to the Lair.
  8704 | D:10     | Killed an oklob plant
  8825 | D:10     | Reached skill level 8 in Dodging
  8839 | D:10     | Reached skill level 12 in Axes
  8848 | D:10     | Found a flagged portal.
  8872 | Bailey   | Entered a bailey
  8872 | Bailey   | Noticed an orc knight
  8875 | Bailey   | Noticed an orc knight
  8889 | Bailey   | HP: 17/91 [orc knight/+0 halberd (26)]
  8891 | Bailey   | Reached skill level 9 in Armour
  8893 | Bailey   | Mangled by an orc knight

Illustrated notes

Levels and vault maps discovered:
D:1:      dpeg_arrival_central, layout_basic, minmay_stone_trees_medium
D:2:      layout_basic, lemuel_doored_altar
D:3:      layout_basic, bloody_makhleb
D:4:      layout_basic, nicolae_gozag_seed_capital,
          gammafunk_temple_overflow_elements, uniq_grinder
D:5:      layout_cave_pools, grunt_temple_overflow_magic_moments,
          temple_doors_e, roderic_roman_lattice, elyvilon_altar_5
D:6:      layout_basic, lemuel_zombie_altar_yredelemnul, uniq_edmund,
          uniq_duvessa
D:7:      layout_loops_corners, minmay_overflow_temple_star_quad, serial_shops,
          kennysheep_mini_moat, lightli_orcish_oven, uniq_crazy_yiuf_cottage
D:8:      layout_loops_ring, hellmonk_ghost_happy_afterlife, enter_ossuary_2,
          minmay_small_thing, uniq_grum, uniq_psyche
D:10:     layout_loops_corners, dpeg_oklobed_lair, enter_bailey_2,
          minmay_misc_feat_x, item_on_display_a
Bailey:   bailey_polearm_4, bailey

Skill      XL: |  1  2  3  4  5  6  7  8  9 10 |
---------------+-------------------------------+-----
Fighting       | 4 5 6 7 8 9 |  9.4
Axes           | 4 5 6 7 9 11 12 | 12.0
Armour         | 3 4 5 6 8 9 |  9.0
Dodging        | 3 4 5 6 7 8 |  8.2

Action                   |  1- 3 |  4- 6 |  7- 9 | 10-12 || total
-------------------------+-------+-------+-------+-------++-------
Melee: Hand axe          |    85 |   104 |   213 |    72 ||   474
       Headbutt          |    14 |    18 |    73 |    23 ||   128
       Flail             |       |    13 |   112 |       ||   125
Throw: Throwing net      |       |     3 |       |       ||     3
       Boomerang         |       |       |       |     4 ||     4
Invok: Trog's Hand       |       |       |     1 |     2 ||     3
       Brothers in Arms  |       |       |       |     3 ||     3
  Use: Scroll            |       |    10 |     6 |       ||    16
       Potion            |       |       |       |     1 ||     1
 Stab: Held in net/web   |       |     3 |       |       ||     3
Armor: Animal skin       |     6 |       |       |       ||     6
       Chain mail        |    25 |    60 |    31 |       ||   116
       Plate armour      |       |       |    71 |    23 ||    94
Dodge: Dodged            |    57 |    63 |   110 |    19 ||   249
Block: Other             |       |       |    20 |       ||    20
       Kite shield       |       |       |   115 |    50 ||   165
       Reflection        |       |       |     6 |     5 ||    11

Table legend: (Time is in decaauts)
 A = Elapsed time spent in this place.
 B = Non-inter-level travel time spent in this place.
 C = Inter-level travel time spent in this place.
 D = Time resting spent in this place.
 E = Time spent auto-exploring this place.
 F = Levels seen in this place.
 G = Mean time per level.
                   A        B        C        D        E       F      G
               +--------+--------+--------+--------+--------+-----+--------+
         Total |   8900 |   8595 |    305 |   1132 |   6146 |  11 |  809.1 |
       Dungeon |   8649 |   8344 |    305 |   1132 |   6055 |   9 |  961.0 |
       Ossuary |    230 |    230 |      0 |      0 |     91 |   1 |  230.0 |
        Bailey |     20 |     20 |      0 |      0 |      0 |   1 |   20.0 |
               +--------+--------+--------+--------+--------+-----+--------+

Top non-repeatable levels by time:
     D:7: 1679 daAuts
     D:1: 1245 daAuts
     D:2: 1185 daAuts
     D:4: 1183 daAuts
     D:6: 956 daAuts
     D:3: 767 daAuts
     D:5: 739 daAuts
    D:10: 508 daAuts
     D:8: 383 daAuts
 Ossuary: 230 daAuts
  Bailey: 20 daAuts

Table legend:
 A = Kills in this place as a percentage of kills in entire the game.
 B = Kills by you in this place as a percentage of kills by you in the entire game.
 C = Kills by friends in this place as a percentage of kills by friends in the entire game.
 D = Other kills in this place as a percentage of other kills in the entire game.
 E = Experience gained in this place as a percentage of experience gained in the entire game.
 F = Experience gained in this place divided by the number of levels of this place that you have seen.
                   A       B       C       D       E      F
               +-------+-------+-------+-------+-------+----------------------
         Total | 100.0 | 100.0 | 100.0 |   N/A | 100.0 | 755.5
       Dungeon |  84.3 |  84.8 |  60.0 |   N/A |  95.4 | 880.7
       Ossuary |  14.5 |  14.8 |   0.0 |   N/A |   2.9 | 245.0
        Bailey |   1.2 |   0.4 |  40.0 |   N/A |   1.7 | 140.0
               +-------+-------+-------+-------+-------+----------------------
